 Dungeon Crawl Stone Soup version 0.24.0-7-gb3623d2c88 (webtiles) character file.

Game seed: 1902444889902166235, levelgen mode: deterministic

113 FishyPogo the Shield-Bearer (level 4, -4/41 HPs)
             Began as a Hill Orc Fighter on Nov 2, 2019.
             Slain by an iguana (11 damage)
             ... on level 2 of the Dungeon.
             The game lasted 00:03:22 (1131 turns).

FishyPogo the Shield-Bearer (Hill Orc Fighter)      Turns: 1131, Time: 00:03:23

Health: -4/41      AC:  9    Str: 19    XL:     4   Next: 96%
Magic:  4/4        EV:  7    Int:  8    God:
Gold:   101        SH:  9    Dex: 10    Spells: 3/3 levels left

rFire    . . .     SeeInvis .   a - +0 war axe
rCold    . . .     Gourm    .   c - +0 shield
rNeg     . . .     Faith    .   b - +0 scale mail
rPois    .         Spirit   .   e - +0 helmet
rElec    .         Reflect  .   (no cloak)
rCorr    .         Harm     .   t - +0 pair of gloves
MR       .....                  (no boots)
Stlth    ..........             (no amulet)
HPRegen  0.13/turn              (no ring)
MPRegen  0.09/turn              (no ring)

@: no status effects
A: no striking features
a: no special abilities


You were on level 2 of the Dungeon.
You were not hungry.

You visited 1 branch of the dungeon, and saw 2 of its levels.

You collected 101 gold pieces.

Inventory:

Hand Weapons
 a - a +0 war axe (weapon)
Missiles
 g - 48 stones (quivered)
Armour
 b - a +0 scale mail (worn)
 c - a +0 shield (worn)
 e - a +0 helmet (worn)
 t - a +0 pair of gloves (worn)
Jewellery
 l - an uncursed ring of ice
Wands
 r - a wand of polymorph (8)
Scrolls
 h - a scroll of enchant weapon {unknown}
 j - 3 scrolls of identify {unknown}
 m - 2 scrolls of teleportation {unknown}
 q - a scroll of amnesia {unknown}
 s - 3 scrolls of fog {unknown}
 u - a scroll of remove curse {unknown}
Potions
 d - a potion of might
 k - a potion of flight {unknown}
 n - a potion of ambrosia {unknown}
 o - a potion of cancellation {unknown}
 p - a potion of resistance {unknown}
Comestibles
 f - 7 rations
 i - a chunk of flesh


   Skills:
 + Level 4.4 Fighting
 - Level 3.0 Axes
 + Level 4.0 Armour
 * Level 4.7 Shields
 + Level 0.6 Evocations


You had 3 spell levels left.
You didn't know any spells.
Your spell library was empty.

Dungeon Overview and Level Annotations

Branches:
Dungeon (2/15)

Altars:


Message History

Your Armour skill increases to level 4!
You hit the iguana. You block the iguana's attack. The iguana bites you.
You are too injured to fight recklessly!
You are too injured to fight recklessly!
You are too injured to fight recklessly!
You are too injured to fight recklessly!
You barely miss the iguana.
The iguana is heavily wounded.
The iguana bites you but does no damage.
You completely miss the iguana.
The iguana is heavily wounded.
The iguana bites you. The iguana barely misses you.
You closely miss the iguana.
The iguana is heavily wounded.
The iguana bites you!
* * * LOW HITPOINT WARNING * * *
You barely miss the iguana.
The iguana is heavily wounded.
The iguana bites you!
You die...

# #...(..# #......#
##
#......#+########..
#/..(.........!....
#$...............#
#................####
#..l)............'...
#...@.....†......####
#..............÷.#
##...............#
#...............#
######..........#
#..........#
############ ##


You could see an iguana.

Vanquished Creatures
  Terence (D:2)
  A worker ant zombie (D:2)
  A gnoll (D:1)
  2 adders (D:2)
  An ooze (D:1)
  A dart slug (D:1)
  A leopard gecko (D:1)
  A ball python (D:1)
  6 giant cockroaches
  5 goblins
  5 hobgoblins
  2 quokkas (D:2)
  2 bats
  A frilled lizard (D:1)
  5 kobolds
  6 rats
41 creatures vanquished.

Notes
Turn   | Place    | Note
-------+----------+-------------------------------------------
     0 | D:1      | FishyPogo the Hill Orc Fighter began the quest for the Orb.
     0 | D:1      | Reached XP level 1. HP: 19/19 MP: 1/1
   216 | D:1      | Reached XP level 2. HP: 27/27 MP: 2/2
   245 | D:1      | Reached XP level 3. HP: 27/33 MP: 3/3
   778 | D:2      | Reached XP level 4. HP: 39/40 MP: 4/4
  1115 | D:2      | Noticed Terence
  1127 | D:2      | Killed Terence
  1131 | D:2      | Slain by an iguana

Levels and vault maps discovered:
D:1:      lightli_arrival_farm, layout_basic
D:2:      layout_basic, lemuel_zombie_altar_kikubaaqudgha, first_ration,
          minmay_ruptured, uniq_terence

Skill      XL: |  1  2  3  4 |
---------------+-------------+-----
Axes           | 3 |  3.0
Fighting       | 4 |  4.4
Shields        | 4 |  4.7
Armour         | 4 |  4.0
Evocations     | |  0.6

Action                   |  1- 3 |  4- 6 || total
-------------------------+-------+-------++-------
Melee: War axe           |    70 |    47 ||   117
Throw: Stone             |       |     5 ||     5
  Eat: Chunk             |       |     1 ||     1
Armor: Scale mail        |    32 |    23 ||    55
Dodge: Dodged            |    19 |    15 ||    34
Block: Shield            |    40 |    27 ||    67
